 Dungeon Crawl Stone Soup version 0.17.0-28-g6e173f8 (webtiles) character file.

22 M4edhros the Sneak (level 2, -1/17 HPs)
             Began as an Octopode Wanderer on Nov 26, 2015.
             Slain by a jackal (2 damage)
             ... on level 2 of the Dungeon.
             The game lasted 00:01:05 (965 turns).

M4edhros the Sneak (Octopode Wanderer)               Turns: 965, Time: 00:01:05

Health: -1/17      AC:  1    Str: 10    XL:     2   Next: 91%
Magic:  3/3        EV:  7    Int: 16    God:
Gold:   28         SH: 10    Dex: 10    Spells: 0 memorised, 3 levels left

rFire  . . .     SeeInvis .     f - +0 dagger
rCold  . . .     Clarity  .     j - +0 large shield
rNeg   . . .     SustAt   .     (helmet restricted)
rPois  .         Gourm    .     (no amulet)
rElec  .         Spirit   .     (no ring)
rCorr  .         Warding  .     (no ring)
rMut   .         Stasis   .     (no ring)
MR     .....                    (no ring)
Stlth  +++.......               (no ring)
                                (no ring)
                                (no ring)
                                (no ring)

@: hasted, very quick, not resistant to hostile enchantments, fairly stealthy
A: almost no armour, amphibious, 8 rings, constrict 8, camouflage 1, gelatinous
body 1
a: no special abilities


You were on level 2 of the Dungeon.
You were not hungry.

You visited 1 branch of the dungeon, and saw 2 of its levels.

You collected 28 gold pieces.

Inventory:

Hand Weapons
 d - a +0 club
 f - a +0 dagger (weapon)
Missiles
 h - 12 stones (quivered)
Armour
 j - a +0 large shield (worn)
Wands
 c - a wand of random effects (15)
Scrolls
 g - a scroll of remove curse {unknown}
 i - a scroll of fear {unknown}
Books
 a - a book of Maledictions

   Spells                             Type                      Level
   a - Corona                         Hexes                        1
   b - Ensorcelled Hibernation        Hexes/Ice                    2
   c - Confuse                        Hexes                        3
   d - Tukima's Dance                 Hexes                        3
   e - Dazzling Spray                 Conjuration/Hexes            3
Comestibles
 e - a bread ration


   Skills:
 - Level 1.0 Dodging
 - Level 3.1 Stealth
 + Level 1.4 Shields
 - Level 2.0 Unarmed Combat
 - Level 1.0 Spellcasting
   Level 1.0 Conjurations
   Level 3.0 Hexes
 - Level 1.1 Evocations


You had 3 spell levels left.
You didn't know any spells.

Dungeon Overview and Level Annotations

Branches:
Dungeon (2/15)

Altars:


Innate Abilities, Weirdness & Mutations

You cannot wear most types of armour.
You are amphibious.
You can wear up to eight rings at the same time.
You can use your tentacles to constrict eight enemies at once.
Your skin changes colour to match your surroundings (Stealth).
Your rubbery body absorbs attacks (AC +1).


Message History

You hit the jackal but do no damage. Your grab misses the jackal.
You block the jackal's attack. You block the bat's attack.
You barely miss the bat. Your grab misses the bat. You block the bat's attack.
The jackal barely misses you. The jackal bites you.
You barely miss the bat. Your grab misses the bat. The bat hits you.
* * * LOW HITPOINT WARNING * * *
The bat hits you.
* * * LOW HITPOINT WARNING * * *
The jackal barely misses you. The bat hits you.
* * * LOW HITPOINT WARNING * * *
You block the jackal's attack. The bat hits you but does no damage.
You closely miss the jackal. You grab the jackal.
You constrict the jackal, but do no damage.
The bat hits you but does no damage. The jackal bites you.
* * * LOW HITPOINT WARNING * * *
Drink which item? (? for menu, Esc to quit)
It was a potion of haste.
You feel yourself speed up.
You constrict the jackal. You block the jackal's attack. The jackal bites you.
You die...

#############.########
...............#
########.#####.#
#.........# ..
#.####.##.# .####
#....# .#..
#..#####... #..# #....
#.@###)#.# #.bh##(#.##
#.#.......#
#....#.#).#
###..###..# #..$ ....
###.# .##.# .# .# .#
.. .# #


You could see a jackal and a bat.

Vanquished Creatures
  A giant cockroach (D:1)
  2 hobgoblins
  5 jackals (D:2)
  A quokka (D:2)
  A bat (D:1)
  5 goblins
  3 kobolds
  2 rats (D:2)
20 creatures vanquished.

Notes
Turn   | Place    | Note
--------------------------------------------------------------
     0 | D:1      | M4edhros the Octopode Wanderer began the quest for the Orb.
     0 | D:1      | M4edhros set off with: a book of Maledictions, a scroll of teleportation, a wand of random effects (15), a +0 club, a bread ration
     0 | D:1      | Reached XP level 1. HP: 11/11 MP: 2/2
   398 | D:2      | Reached XP level 2. HP: 17/17 MP: 3/3
   638 | D:2      | Reached skill level 1 in Shields
   965 | D:2      | Slain by a jackal

Action                   || total
-------------------------++-------
Melee: Dagger            ||    51
       Club              ||     3
  Use: Scroll            ||     1
       Potion            ||     1
 Stab: Sleeping          ||     2
